cohdb
Replays
Latest Replays
All Replays
Popular Replays
Top Player Replays
Match Explorer
How It Works
Community
CoH3 Stats
Reddit
Sign in to upload your games and track your stats! →
Sign in with Steam
Match 42236642
Unlisted
Match 42236642
Overview
Messages
Build Orders
End
Pioneer Squad
Construct Infanterie Kompanie
Grenadier Squad
Grenadier Squad
Grenadier Squad
Selects Italian Coastal Battlegroup
Infanterie Officer Quarters
GrW 34 Mortar Team
Construct Luftwaffe Kompanie
Flak 30 Anti-aircraft Gun Team
Selects Coastal Reserves
Selects Support Bunkers
Selects Designated Artillery Overwatch
Medical Bunker
Jäger Squad
Construct Panzer Kompanie
Kettenkrad Recon Vehicle
MG 42 Machine Gun Team
Selects Artillery Officer
Artillery Officer
Panzer IV Medium Tank
Repair Bunker
Panzer IV Medium Tank
Side Skirts
Pioneer Squad
Selects Obice da 210/22 Artillery Emplacement
Pioneer Squad
Pioneer Squad
Pioneer Squad
Selects Bulwark
Pioneer Squad
Panzer IV Medium Tank
Designated Artillery Overwatch
Panzer IV Medium Tank
Designated Artillery Overwatch
Pioneer Squad
Kettenkrad Recon Vehicle
Repair Bunker
Nuclear Viking
dj pauly d gtl
Schmutz
rtavarestuga
Lina
Nemesis Zero
0
0
Comments
sign in to comment!
No comments posted yet!